 Dungeon Crawl Stone Soup version 0.13-a0-2450-ga447c6a (webtiles) character file.

167 Rycklaryybbe the Grave Robber (level 4, -1/24 HPs)
             Began as a Kobold Necromancer on July 17, 2013.
             Killed from afar by Sigmund (4 damage)
             ... with a magic dart
             ... on Level 2 of the Dungeon.
             The game lasted 00:05:21 (2365 turns).

Rycklaryybbe the Grave Robber (Kobold Necromancer)  Turns: 2365, Time: 00:05:22

HP  -1/24        AC  3     Str  7      XL: 4   Next: 15%
MP   7/7         EV 23     Int 19      God:
Gold 111         SH  0     Dex 20      Spells:  2 memorised,  2 levels left

Res.Fire  : . . .   See Invis. : .   i - +0 mace
Res.Cold  : . . .   Warding    : .   e - +0 robe (curse)
Life Prot.: . . .   Conserve   : .   (no shield)
Res.Poison: .       Res.Corr.  : .   d - +0 helmet
Res.Elec. : .       Clarity    : .   (no cloak)
Sust.Abil.: . .     Spirit.Shd : .   (no gloves)
Res.Mut.  : .       Stasis     : .   (no boots)
Res.Rott. : .       Flight     : .   (no amulet)
Saprovore : + + .                    (no ring)
                                     (no ring)

@: confused, brilliant, agile, slightly resistant to hostile enchantments,
stealthy
A: disease resistance, carnivore 3, saprovore 2
a: no special abilities


You were on level 2 of the Dungeon.
You were very full.

You visited 1 branch of the dungeon, and saw 2 of its levels.

You collected 91 gold pieces.

Inventory:

Hand weapons
 f - a +0,+0 dagger (quivered)
 i - a +0,+0 mace (weapon)
Armour
 a - a +0 robe
 d - a +0 helmet (worn)
 e - a cursed +0 robe (worn)
 h - a +0 robe
Comestibles
 c - a meat ration
 l - 2 rotting chunks of goblin flesh
 n - 2 rotting chunks of goblin flesh
 o - 3 chunks of hobgoblin flesh
Scrolls
 m - a scroll of identify {unknown}
Books
 b - a book of Necromancy

   Spells                             Type                      Level
   *Pain                              Necromancy                   1
   Animate Skeleton                   Necromancy                   1
   *Lethal Infusion                   Charms/Necromancy            2
   Vampiric Draining                  Necromancy                   3
   Regeneration                       Charms/Necromancy            3
   Animate Dead                       Necromancy                   4
   Control Undead                     Necromancy                   4


   Skills:
 + Level 4.2 Dodging
 + Level 3.5 Stealth
 - Level 1.0 Spellcasting
 - Level 4.2 Necromancy


You had 2 spell levels left.
You knew the following spells:

 Your Spells              Type           Power        Failure   Level  Hunger
a - Pain                  Necr           ####         1%          1    ##.....
b - Lethal Infusion       Chrm/Necr      ###.......   1%          2    ###....


Dungeon Overview and Level Annotations

Branches:
Dungeon (2/27)

Altars:
Nemelex Xobeh

Annotations
D:2 Sigmund


Innate Abilities, Weirdness & Mutations

You recuperate from illness quickly.
You are small and have problems with some larger weapons.
You are carnivorous and can eat meat at any time.
You can eat rotten meat.


Message History

You barely miss it. It hits you.
* * * LOW HITPOINT WARNING * * *
You closely miss it.
Your uncursed mace stops crackling.
Drink which item? (? for menu, Esc to quit)
You feel more agile all of a sudden.
It was a potion of agility.
You hear some strange, mumbled words.
You are confused.
Drink which item? (? for menu, Esc to quit)
Magic courses through your body.
It was a potion of magic.
It closely misses you.
Drink which item? (? for menu, Esc to quit)
You feel more clever all of a sudden.
It was a potion of brilliance.
It misses you.
You swing at nothing.
It barely misses you.
You swing at nothing.
You hear some strange, mumbled words.
The magic dart hits you!
You die...

######### #......#
####'### #...# #.###
##'###### #######
#.......#
......#########....?..#
#####..).....##..{....#
########..'.@.....#
####.......# #.......#
#.......# #########


There were no monsters in sight!

Vanquished Creatures
  2 adders (D:2)
  6 bats
  4 giant cockroaches
  4 goblins
  3 hobgoblins
  3 jackals (D:2)
  2 kobolds (D:1)
  4 giant newts
  10 rats
38 creatures vanquished.

Vanquished Creatures (others)
  A rat (D:1)
1 creature vanquished.

Grand Total: 39 creatures vanquished

Notes
Turn   | Place    | Note
--------------------------------------------------------------
     0 | D:1      | Rycklaryybbe, the Kobold Necromancer, began the quest for the Orb.
     0 | D:1      | Reached XP level 1. HP: 10/10 MP: 3/3
   527 | D:1      | Reached XP level 2. HP: 13/15 MP: 4/4
  1405 | D:2      | Reached XP level 3. HP: 16/19 MP: 2/5
  1657 | D:2      | Noticed Sigmund
  1662 | D:2      | Learned a level 2 spell: Lethal Infusion
  1744 | D:2      | Found a sparkling altar of Nemelex Xobeh.
  2051 | D:2      | Reached XP level 4. HP: 21/24 MP: 5/7
  2365 | D:2      | Killed from afar by Sigmund

Action                   |  1- 3 |  4- 6 || total
-------------------------+-------+-------++-------
Melee: Unarmed           |    61 |       ||    61
       Dagger            |    31 |       ||    31
       Mace              |    36 |    41 ||    77
 Cast: Pain              |    26 |       ||    26
       Lethal Infusion   |     1 |     1 ||     2
  Use: Potion            |     1 |     3 ||     4
 Stab: Sleeping          |     4 |       ||     4
